 Dungeon Crawl Stone Soup version 0.31-a0-1002-g8e65716e6e (webtiles) character file.

Game seed: 6659143812975475886

168 BinkBink the Trooper (level 5, 0/33 HPs)
             Began as a Gargoyle Fighter on Nov 10, 2023.
             Frozen to death by an endoplasm (3 damage)
             ... on level 4 of the Dungeon.
             The game lasted 00:02:37 (3015 turns).

BinkBink the Trooper (Gargoyle Fighter)             Turns: 3015, Time: 00:02:37

Health: 0/33       AC: 11    Str: 28    XL:     5   Next: 49%
Magic:  5/5        EV:  9    Int:  8    God:
Gold:   135        SH:  0    Dex:  9    Spells: 4/4 levels left

rFire   . . .        a - +0 flail
rCold   x . .        c - +0 buckler
rNeg    + . .        b - +0 scale mail
rPois   ∞            (no helmet)
rElec   +            (no cloak)
rCorr   .            (no gloves)
SInv    +            (no boots)
Will    .....        (no amulet) Stlth
                     q - ring of the City {rC- Str+6 SInv}
HPRegen 0.25/turn    (no ring)
MPRegen 0.09/turn

%: no passive effects
@: confused, mighty
A: sickness immunity, AC +4, negative energy resistance 1, electricity
resistance, torment resistance 1, petrification resistance
a: no special abilities


You were on level 4 of the Dungeon.
You visited 1 branch of the dungeon, and saw 4 of its levels.

You collected 135 gold pieces.

Inventory:

Hand Weapons
 a - a +0 flail (weapon)
Armour
 b - a +0 scale mail (worn)
 c - a +0 buckler (worn)
Jewellery
 q - the ring of the City (left hand) {rC- Str+6 SInv}
   (You found it on level 3 of the Dungeon)

   [ring of see invisible]

   Str+6:     It affects your strength (+6).
   rC-:       It makes you vulnerable to cold.
   SInv:      It lets you see invisible.
Wands
 t - a wand of mindburst (14)
Scrolls
 f - a scroll of brand weapon {unknown}
 g - 2 scrolls of butterflies {unknown}
 h - 2 scrolls of enchant weapon {unknown}
 i - 3 scrolls of teleportation {unknown}
 m - a scroll of noise {unknown}
 n - a scroll of identify {unknown}
 o - a scroll of revelation {unknown}
 r - a scroll of fog {unknown}
 s - a scroll of immolation {unknown}
Potions
 e - a potion of cancellation {unknown}
 j - a potion of heal wounds {unknown}
 k - 2 potions of berserk rage {unknown}
 l - 2 potions of curing {unknown}
 p - a potion of brilliance {unknown}


   Skills:
 + Level 4.3 Fighting
 + Level 3.1 Maces & Flails
 + Level 4.3 Armour
 + Level 4.3 Shields


You had 4 spell levels left.
You didn't know any spells.
Your spell library was empty.

Dungeon Overview and Level Annotations

Branches:
Dungeon (4/15)
 Temple: D:4-7

Altars:
Wu Jian


Innate Abilities, Weirdness & Mutations

You are immune to sickness and miasma.
Your stone body is resilient. (AC +4)
You are immune to poison.
You resist negative energy. (rN+)
You are resistant to electric shocks. (rElec)
You are resistant to unholy torment.
You are immune to petrification.


Message History

The ball python constricts you.
You closely miss the ball python. You block the orc wizard's attack.
You block the endoplasm's attack. The orc barely misses you.
The orc wizard casts a spell at you.
You are confused.
The ball python bites you but does no damage.
The ball python constricts you.
You are too confused!
Unknown command.
Unknown command.
You bump into the rock wall.
The orc wizard hits you but does no damage.
The endoplasm hits you but does no damage.
The orc barely misses you.
The orc wizard hits you but does no damage.
The ball python bites you but does no damage.
The ball python constricts you.
You barely miss the ball python. The ball python barely misses you.
The ball python constricts you. The orc wizard barely misses you.
The endoplasm freezes you.
You are frozen.
You feel a terrible chill! The orc hits you with a +0 club.
The orc wizard casts a spell at you. The magic dart hits you.
The ball python bites you but does no damage.
The ball python constricts you. The endoplasm barely misses you.
The orc wizard hits you but does no damage.
The orc hits you with a +0 club.
* * * LOW HITPOINT WARNING * * *
The orc wizard barely misses you.
You escape the ball python's grasp.
The orc wizard hits you but does no damage.
The orc wizard casts a spell at you. The puff of flame hits you.
* * * LOW HITPOINT WARNING * * *
You are too confused!
You feel very mighty all of a sudden. The orc wizard closely misses you.
The endoplasm freezes you.
You are frozen.
You feel a terrible chill!
You die...

##################### #
....................# .##
#..............##...##...
#......[........#...#..##
...............##......#.
.......gS......#....##...
......So@$...........##..
#:.#.oJo#....#.##...#..#
........##.#..#......<..#
.....#.##..#....#........
....... ..##.#.##........
....... .. .#.......##..
.#..... .. .....### ..
##.>.. ....... .. .....
...... #


You could see 2 orc wizards, an orc, an endoplasm, a hobgoblin and 2 ball
pythons.

Vanquished Creatures
  A hound (D:4)
  Ijyb (D:3)
  Terence (D:3)
  4 adders
  5 ball pythons
  3 bats
  5 endoplasms
  5 giant cockroaches
  5 hobgoblins
  2 quokkas
  6 frilled lizards
  6 goblins
  5 kobolds
  4 rats
53 creatures vanquished.

Notes
Turn   | Place    | Note
-------+----------+-------------------------------------------
     0 | D:1      | BinkBink the Gargoyle Fighter began the quest for the Orb.
     0 | D:1      | Reached XP level 1. HP: 14/14 MP: 1/1
   162 | D:1      | Reached XP level 2. HP: 15/19 MP: 2/2
   307 | D:2      | Reached XP level 3. HP: 23/23 MP: 3/3
  1601 | D:2      | Reached XP level 4. HP: 24/29 MP: 4/4
  2068 | D:3      | Noticed Ijyb
  2105 | D:3      | Found an ornate altar of the Wu Jian Council.
  2197 | D:3      | Identified the ring of the City {rC- Str+6 SInv}
  2497 | D:3      | Noticed Terence
  2505 | D:3      | Killed Terence
  2681 | D:3      | Killed Ijyb
  2682 | D:3      | Reached XP level 5. HP: 13/33 MP: 5/5
  3015 | D:4      | Frozen to death by an endoplasm

Illustrated notes

Levels and vault maps discovered:
D:1:      spicycebolla_arrival_ecumenical, layout_loops_ring
D:2:      layout_basic
D:3:      layout_loops_ring, nicolae_wu_jian_immortal_techniques, minivault_27,
          st_stairs_7, chequers_serial_rivers_micro_e, minivault_24,
          hangedman_abyss_or_decor_lesser_grid, patterned_corridor,
          uniq_terence, uniq_ijyb
D:4:      minmay_door_path, layout_cave_pools, slow_altar_1,
          minmay_quadrilaterals

Skill      XL: |  1  2  3  4 |
---------------+-------------+-----
Armour         | 4 |  4.3
Fighting       | 4 |  4.3
Shields        | 4 |  4.3
Maces & Flails | 3 |  3.1

Action                     |  1- 3 |  4- 6 || total
---------------------------+-------+-------++-------
  Melee: Flail             |   140 |    74 ||   214
    Use: Potion            |       |     1 ||     1
 Armour: Scale mail        |    87 |    70 ||   157
  Dodge: Dodged            |    68 |    40 ||   108
  Block: Buckler           |    40 |    15 ||    55

Table legend: (Time is in decaauts)
 A = Elapsed time spent in this place.
 B = Non-inter-level travel time spent in this place.
 C = Inter-level travel time spent in this place.
 D = Time resting spent in this place.
 E = Time spent auto-exploring this place.
 F = Levels seen in this place.
 G = Mean time per level.
                   A        B        C        D        E       F      G
               +--------+--------+--------+--------+--------+-----+--------+
         Total |   3078 |   2894 |    184 |     68 |   2347 |   4 |  769.5 |
       Dungeon |   3078 |   2894 |    184 |     68 |   2347 |   4 |  769.5 |
               +--------+--------+--------+--------+--------+-----+--------+

Top non-repeatable levels by time:
     D:3: 1198 daAuts
     D:2: 1034 daAuts
     D:1: 798 daAuts
     D:4: 47 daAuts
